[Event "Titled Tuesday Blitz July 18 Late 2023"]
[White "Vlassov, Nikolai"]
[Black "Vujacic, Igor"]
[WhiteFideId "4103360"]
[BlackFideId "932620"]
[WhiteElo "2566"]
[BlackElo "2291"]
[Result "1-0"]
[Round "1"]
[TimeControl "180+2"]
[Date "2023.07.18"]
[WhiteClock "0:00:53"]
[BlackClock "0:00:23"]
[Board "142"]

1. e4 c5 2. c3 Nf6 3. e5 Nd5 4. d4 cxd4 5. cxd4 d6 6. Bc4 Nb6 7. Bb3 dxe5 8. Qh5 e6 9. dxe5 Nc6 10. Nc3 Bc5 11. Bg5 Qd4 12. Qe2 Qxe5 13. Qxe5 Nxe5 14. O-O-O Bd7 15. Ne4 Be7 16. f4 Bxg5 17. Nxg5 O-O-O 18. fxe5 Rdf8 19. Ne4 Bc6 20. Nd6+ Kc7 21. Nf3 f6 22. Bxe6 fxe5 23. Nf7 1-0


[Site "https://www.chess.com"]

[Event "Titled Tuesday Blitz July 18 Late 2023"]
[White "Spichkin, Alexander"]
[Black "robertoalejandro10"]
[WhiteFideId "4144074"]
[WhiteElo "2289"]
[BlackElo "2562"]
[Result "0-1"]
[Round "1"]
[TimeControl "180+2"]
[Date "2023.07.18"]
[WhiteClock "0:02:36"]
[BlackClock "0:02:33"]
[Board "143"]

1. f4 d6 2. Nf3 e5 3. e4 g6 4. Bc4 Bg7 5. O-O Ne7 6. d4 exd4 7. Nxd4 O-O 8. Nc3 d5 9. exd5 c6 10. dxc6 Qxd4+ 11. Kh1 Qxc4 12. cxb7 Bxb7 13. Qe1 Nf5 0-1


[Site "https://www.chess.com"]

[Event "Titled Tuesday Blitz July 18 Late 2023"]
[White "Arencibia Monduy, Antonio"]
[Black "Santos, Rafael Ventura Dos"]
[WhiteFideId "3507939"]
[BlackFideId "2122227"]
[WhiteElo "2561"]
[BlackElo "2287"]
[Result "0-1"]
[Round "1"]
[TimeControl "180+2"]
[Date "2023.07.18"]
[WhiteClock "0:00:05"]
[BlackClock "0:00:14"]
[Board "144"]

1. e4 c5 2. Nf3 g6 3. c3 Nf6 4. e5 Nd5 5. d4 cxd4 6. cxd4 Bg7 7. Nc3 Nxc3 8. bxc3 O-O 9. Bd3 d6 10. exd6 Qxd6 11. O-O Nc6 12. Re1 h6 13. a4 Re8 14. Ba3 Qc7 15. Qc2 Bg4 16. Re3 Rac8 17. Qd2 Qa5 18. Qe1 e5 19. Nxe5 Nxe5 20. dxe5 Qxc3 21. Qxc3 Rxc3 22. Bb2 Rc5 23. f4 Rd8 24. Be4 b6 25. Ba3 Rc4 26. Be7 Rdd4 27. Rae1 Bf8 28. Bxf8 Kxf8 29. a5 bxa5 30. h3 Bd7 31. g4 a4 32. Kf2 Rb4 33. f5 gxf5 34. gxf5 Rb3 35. Kf3 Bb5 36. e6 fxe6 37. f6 Kf7 38. Rg1 Kxf6 39. Rxb3 axb3 40. Ke3 Rc4 41. Rg6+ Ke7 42. Rg7+ Kd6 43. Rxa7 Rc3+ 44. Kd2 Rxh3 45. Rb7 Bc4 46. Rb6+ Ke5 47. Bb7 Bd5 48. Bxd5 exd5 49. Kc1 Rh2 50. Rxb3 Rh1+ 51. Kd2 Rh2+ 52. Ke1 Ke4 53. Kf1 d4 54. Kg1 Rh4 55. Kg2 d3 56. Kg3 Rh5 57. Kf2 Rh2+ 58. Kg3 Rc2 59. Rb4+ Ke3 60. Rb6 d2 61. Re6+ Kd3 62. Kf3 d1=Q+ 63. Kg3 Qh5 64. Rd6+ Kc3 65. Rc6+ Kb2 66. Rb6+ Kc1 67. Rf6 Qg5+ 68. Kh3 Qxf6 69. Kg4 Rc5 70. Kh3 Qd4 71. Kg2 Rc3 72. Kf1 Re3 73. Kf2 Qd2+ 74. Kf1 Re1# 0-1


[Site "https://www.chess.com"]

[Event "Titled Tuesday Blitz July 18 Late 2023"]
[White "Manon-og, Ramon Jr."]
[Black "Postlmayer, Jakob"]
[WhiteFideId "5200776"]
[BlackFideId "1643622"]
[WhiteElo "2286"]
[BlackElo "2559"]
[Result "1-0"]
[Round "1"]
[TimeControl "180+2"]
[Date "2023.07.18"]
[WhiteClock "0:01:36"]
[BlackClock "0:00:39"]
[Board "145"]

1. e4 c5 2. Nf3 d6 3. Bb5+ Nd7 4. a4 Nf6 5. Nc3 g6 6. O-O Bg7 7. Re1 a6 8. Bf1 O-O 9. a5 b5 10. axb6 Bb7 11. Bc4 Nxb6 12. Bf1 e5 13. d3 a5 14. Bg5 h6 15. Be3 Ng4 16. Bd2 f5 17. h3 Nf6 18. Qc1 f4 19. b3 g5 20. Nh2 h5 21. g3 Bc8 22. gxf4 exf4 23. Kh1 d5 24. e5 Nh7 25. Qd1 Qe8 26. Bg2 Be6 27. Nb5 Qxb5 28. Qxh5 Qe8 29. Qf3 a4 30. bxa4 Rxa4 31. Rab1 Nd7 32. Rb7 Ra8 33. Reb1 Rf7 34. Ng4 Nxe5 35. Nxe5 Bxe5 36. R7b6 Bc7 37. Rb7 Qc6 38. Bc3 Raf8 39. Qh5 Qd6 40. Qg6+ 1-0


[Site "https://www.chess.com"]

[Event "Titled Tuesday Blitz July 18 Late 2023"]
[White "Grinev, Valeriy"]
[Black "StarkyNZ"]
[WhiteFideId "14117517"]
[WhiteElo "2557"]
[BlackElo "2282"]
[Result "1/2-1/2"]
[Round "1"]
[TimeControl "180+2"]
[Date "2023.07.18"]
[WhiteClock "0:01:20"]
[BlackClock "0:00:08"]
[Board "146"]

1. d4 Nf6 2. c4 e6 3. Nc3 Bb4 4. e3 d5 5. a3 Be7 6. Nf3 c6 7. b4 a5 8. b5 cxb5 9. cxb5 Nbd7 10. Bd3 O-O 11. O-O b6 12. a4 Bb4 13. Ne2 Qe7 14. Qb3 Ne4 15. Ba3 Bxa3 16. Qxa3 Qxa3 17. Rxa3 Bb7 18. Bxe4 dxe4 19. Nd2 Rac8 20. Rc3 Rxc3 21. Nxc3 f5 22. Rc1 Rc8 23. Ne2 Rxc1+ 24. Nxc1 e5 25. Ncb3 Kf7 26. Kf1 Ke6 27. Ke2 Bd5 28. Kd1 Bxb3+ 29. Nxb3 Kd5 30. dxe5 Nxe5 31. Nd2 Nc4 32. Nb3 Nb2+ 33. Kc2 Nxa4 34. Nd4 g6 35. h4 Kc4 36. h5 f4 37. h6 fxe3 38. fxe3 Nc3 39. Ne6 Nd5 40. Kd2 a4 41. Ng5 a3 42. Kc1 Nxe3 43. Nxh7 Ng4 44. Ng5 Nxh6 45. Nxe4 Kxb5 46. Kb1 Kc4 47. Ka2 Kb4 48. Nf6 Ka4 49. Nd5 b5 50. Nc3+ Kb4 51. Ne4 Kc4 52. Kxa3 b4+ 53. Kb2 Nf5 54. g4 Ne3 55. g5 b3 56. Nd2+ Kd4 57. Nf3+ Ke4 58. Nh4 Kf4 59. Nxg6+ Kxg5 60. Ne5 Kf4 61. Nd3+ Ke4 62. Nc5+ Kd4 63. Nxb3+ 1/2-1/2


[Site "https://www.chess.com"]

[Event "Titled Tuesday Blitz July 18 Late 2023"]
[White "Vaglio Munoz, Jaime"]
[Black "Medarde Santiago, Luis Marcos"]
[WhiteFideId "6500145"]
[BlackFideId "2263076"]
[WhiteElo "2280"]
[BlackElo "2556"]
[Result "0-1"]
[Round "1"]
[TimeControl "180+2"]
[Date "2023.07.18"]
[WhiteClock "0:01:06"]
[BlackClock "0:01:21"]
[Board "147"]

1. Nf3 Nf6 2. c4 e6 3. b3 d5 4. Bb2 c5 5. cxd5 exd5 6. g3 Nc6 7. Bg2 d4 8. O-O Be7 9. d3 O-O 10. a3 Nd5 11. Nbd2 b6 12. Re1 Bb7 13. Rc1 Bf6 14. Ne4 Re8 15. Nxf6+ Qxf6 16. Nd2 Rad8 17. Ne4 Qe7 18. g4 Nf6 19. Nxf6+ Qxf6 20. h3 h5 21. Qd2 Na5 22. Qc2 hxg4 23. Bxb7 Nxb7 24. hxg4 Qg5 25. e4 Qxg4+ 26. Kf1 Qh3+ 27. Ke2 Rxe4+ 28. Kd2 Qh6+ 29. Kd1 Rxe1+ 30. Kxe1 Re8+ 31. Kd1 Qh5+ 32. Kd2 Qg5+ 33. Kd1 Qg1+ 34. Kd2 Qxf2+ 35. Kd1 Re1# 0-1


[Site "https://www.chess.com"]

[Event "Titled Tuesday Blitz July 18 Late 2023"]
[White "Pham, Le Thao Nguyen"]
[Black "Cooper, Aaron"]
[WhiteFideId "12401226"]
[BlackFideId "2634945"]
[WhiteElo "2555"]
[BlackElo "2279"]
[Result "1-0"]
[Round "1"]
[TimeControl "180+2"]
[Date "2023.07.18"]
[WhiteClock "0:00:11"]
[BlackClock "0:00:21"]
[Board "148"]

1. d4 Nf6 2. c4 e6 3. Nf3 d5 4. Nc3 Be7 5. Bf4 O-O 6. e3 a6 7. c5 Nbd7 8. Bd3 c6 9. h3 b6 10. cxb6 Nxb6 11. Rc1 a5 12. O-O Ba6 13. b3 Bxd3 14. Qxd3 Ba3 15. Rc2 Qe7 16. Nb1 Rfc8 17. Nxa3 Qxa3 18. Rfc1 a4 19. Ne5 axb3 20. axb3 Nc4 21. bxc4 Qxd3 22. Nxd3 dxc4 23. Rxc4 Nd5 24. Rxc6 Rxc6 25. Rxc6 h6 26. Bg3 g5 27. Ne5 Ra1+ 28. Kh2 Ra7 29. Rd6 Kg7 30. Rd7 Rxd7 31. Nxd7 f6 32. Nc5 Kf7 33. e4 Nc3 34. f3 Ne2 35. Bf2 h5 36. Nd3 h4 37. Nb4 Nc3 38. d5 exd5 39. Nxd5 Nb5 40. Bc5 Ke6 41. Ne3 Kf7 42. Nf5 Nc7 43. Bd4 Ne6 44. Bb2 Nf4 45. Nh6+ Kg6 46. Ng4 f5 47. Ne5+ Kf6 48. Nd3+ Ke6 49. Nxf4+ gxf4 50. exf5+ Kxf5 51. Kg1 Kg5 52. Kf2 1-0


[Site "https://www.chess.com"]

[Event "Titled Tuesday Blitz July 18 Late 2023"]
[White "Zampronha, Wladimir Camilo"]
[Black "Przybylski, Wojciech"]
[WhiteFideId "2103087"]
[BlackFideId "1117599"]
[WhiteElo "2274"]
[BlackElo "2553"]
[Result "0-1"]
[Round "1"]
[TimeControl "180+2"]
[Date "2023.07.18"]
[WhiteClock "0:00:00"]
[BlackClock "0:01:40"]
[Board "149"]

1. e4 c5 2. Nf3 d6 3. d4 cxd4 4. Nxd4 Nf6 5. Nc3 a6 6. Bg5 e6 7. f4 Nbd7 8. Qf3 Qc7 9. O-O-O b5 10. Bd3 Bb7 11. Rhe1 Be7 12. Qg3 Qb6 13. e5 dxe5 14. fxe5 Nh5 15. Qh4 Bxg5+ 16. Qxg5 Qxd4 17. Bxb5 Qf4+ 18. Qxf4 Nxf4 19. Bxd7+ Ke7 20. g3 Ng2 21. Re2 Bf3 22. Ba4 Rhd8 23. Rxd8 Rxd8 24. Rf2 Bb7 25. Bb3 Ne3 26. Re2 Nf5 27. Rd2 Nd4 28. Ne2 Nf3 29. Rxd8 Kxd8 30. Nf4 Nxe5 31. Kd2 Nf3+ 32. Ke3 Nxh2 33. Nh5 g6 34. Nf6 h5 35. Kf2 Ke7 36. Ng8+ Kf8 37. Nf6 Ke7 0-1


[Site "https://www.chess.com"]

[Event "Titled Tuesday Blitz July 18 Late 2023"]
[White "Petesch, Gabriel"]
[Black "Ward, Ieuan C"]
[WhiteFideId "2032465"]
[BlackFideId "406627"]
[WhiteElo "2552"]
[BlackElo "2272"]
[Result "1-0"]
[Round "1"]
[TimeControl "180+2"]
[Date "2023.07.18"]
[WhiteClock "0:01:02"]
[BlackClock "0:01:31"]
[Board "150"]

1. Nf3 e6 2. c4 d5 3. e3 Nf6 4. b3 b6 5. Bb2 Bb7 6. Be2 Be7 7. O-O Nbd7 8. Nc3 O-O 9. Rc1 c5 10. cxd5 Nxd5 11. Qc2 Nxc3 12. dxc3 Nf6 13. c4 Be4 14. Qc3 Qc7 15. Rcd1 Rad8 16. Ne5 h6 17. Ng4 Ne8 18. Nxh6+ Kh7 19. Ng4 f5 20. Ne5 Bf6 21. f3 Bb7 22. Rxd8 Qxd8 23. Qc2 g6 24. Rd1 Qc7 25. Rd7+ 1-0


[Site "https://www.chess.com"]

[Event "Titled Tuesday Blitz July 18 Late 2023"]
[White "Schut, Han"]
[Black "Rottenwohrer Suarez, Juan"]
[WhiteFideId "1005561"]
[BlackFideId "32068182"]
[WhiteElo "2266"]
[BlackElo "2551"]
[Result "1/2-1/2"]
[Round "1"]
[TimeControl "180+2"]
[Date "2023.07.18"]
[WhiteClock "0:00:18"]
[BlackClock "0:00:08"]
[Board "151"]

1. e4 c5 2. Nf3 g6 3. c4 Nc6 4. d4 cxd4 5. Nxd4 Nf6 6. Nc3 d6 7. Be2 Nxd4 8. Qxd4 Bg7 9. Bg5 O-O 10. Qd2 Qa5 11. Rc1 Be6 12. b3 Rfc8 13. O-O a6 14. f4 b5 15. f5 Bd7 16. fxg6 hxg6 17. e5 Ne8 18. Nd5 Qxd2 19. Bxd2 Rcb8 20. Nxe7+ Kf8 21. Nxg6+ Kg8 22. Ne7+ Kf8 23. exd6 Nxd6 24. Ng6+ Kg8 25. Nf4 Bd4+ 26. Kh1 Ne4 27. Be1 Be3 28. Rd1 Bc6 29. Bf3 bxc4 30. bxc4 Rb2 31. Nd5 Bxd5 32. cxd5 f5 33. d6 Rd8 34. d7 Rb7 35. Bxe4 fxe4 36. Bf2 Bxf2 37. Rxf2 Rbxd7 38. Re1 Rd1 39. Re2 Rxe1+ 40. Rxe1 Rd2 41. h3 Rxa2 42. Rxe4 Kg7 43. Re6 a5 44. Ra6 a4 45. Kh2 a3 46. Kg3 Kf7 47. h4 Kg7 48. Kh2 Kf7 49. Kg3 Kg7 50. Kh2 Kh7 51. Kg3 Kg7 1/2-1/2


[Site "https://www.chess.com"]

[Event "Titled Tuesday Blitz July 18 Late 2023"]
[White "Risteski, Emil"]
[Black "BrandonJiang123456"]
[WhiteFideId "15005267"]
[WhiteElo "2551"]
[BlackElo "2265"]
[Result "0-1"]
[Round "1"]
[TimeControl "180+2"]
[Date "2023.07.18"]
[WhiteClock "0:00:12"]
[BlackClock "0:00:16"]
[Board "152"]

1. c4 f5 2. Nc3 Nf6 3. d4 e6 4. a3 b6 5. Bf4 Bb7 6. e3 Bd6 7. Bxd6 cxd6 8. Nf3 O-O 9. Be2 Nc6 10. O-O Ne7 11. b4 d5 12. c5 Ne4 13. Qb3 Ng6 14. a4 d6 15. cxd6 Qxd6 16. Rac1 a6 17. a5 b5 18. Qb2 f4 19. Nd2 Qe7 20. Bf3 Ng5 21. Rce1 Nh4 22. Bd1 f3 23. g3 Ng6 24. e4 Qf7 25. exd5 Qf5 26. Kh1 Qh3 27. Rg1 Rf5 28. dxe6 Qg2+ 29. Rxg2 fxg2+ 30. Kg1 Nh3# 0-1


[Site "https://www.chess.com"]

[Event "Titled Tuesday Blitz July 18 Late 2023"]
[White "SicilianPanzer"]
[Black "Koc, Przemyslaw"]
[BlackFideId "1109081"]
[WhiteElo "2265"]
[BlackElo "2550"]
[Result "1-0"]
[Round "1"]
[TimeControl "180+2"]
[Date "2023.07.18"]
[WhiteClock "0:00:10"]
[BlackClock "0:00:09"]
[Board "153"]

1. e4 d6 2. d4 Nf6 3. Nc3 e5 4. Nge2 Nc6 5. h3 Be7 6. g3 d5 7. exd5 Nxd5 8. dxe5 Nxc3 9. Qxd8+ Bxd8 10. Nxc3 Nxe5 11. Bg2 c6 12. O-O O-O 13. Re1 Nc4 14. Ne4 Bc7 15. b3 Nd6 16. Ba3 Rd8 17. Nxd6 Bxd6 18. Bxd6 Bf5 19. Bf4 Bxc2 20. Re7 b6 21. Rae1 h6 22. Bxc6 Rac8 23. Bb5 Bf5 24. Re8+ Rxe8 25. Rxe8+ Rxe8 26. Bxe8 Bxh3 27. Bd6 Be6 28. f4 g5 29. Kf2 Kg7 30. Ke3 Kf6 31. Bc6 h5 32. Be5+ Kg6 33. Be4+ f5 34. Bd3 h4 35. fxg5 h3 36. g4 Kxg5 37. gxf5 Bxf5 38. Bxf5 Kxf5 39. Bb8 a6 40. Kd4 Ke6 41. Bh2 Ke7 42. Kd5 Kd7 43. Bg3 a5 44. a4 1-0


[Site "https://www.chess.com"]

[Event "Titled Tuesday Blitz July 18 Late 2023"]
[White "Cremisi, Daniel"]
[Black "Miguelitro69"]
[WhiteFideId "2089882"]
[WhiteElo "2550"]
[BlackElo "2262"]
[Result "1-0"]
[Round "1"]
[TimeControl "180+2"]
[Date "2023.07.18"]
[WhiteClock "0:02:34"]
[BlackClock "0:02:18"]
[Board "154"]

1. d4 Nf6 2. c4 e6 3. Nf3 Bb4+ 4. Bd2 Be7 5. Nc3 O-O 6. e4 d6 7. Bd3 c5 8. d5 exd5 9. exd5 Re8 10. O-O a6 11. Re1 Nbd7 12. Qc2 Bf8 13. Rxe8 Qxe8 14. Re1 Qd8 15. Ng5 h6 16. Bh7+ Nxh7 17. Qxh7# 1-0


[Site "https://www.chess.com"]

[Event "Titled Tuesday Blitz July 18 Late 2023"]
[White "Chemin, Justo Reinaldo"]
[Black "Der_Balak_3Halak"]
[WhiteFideId "2101580"]
[WhiteElo "2261"]
[BlackElo "2548"]
[Result "1-0"]
[Round "1"]
[TimeControl "180+2"]
[Date "2023.07.18"]
[WhiteClock "0:00:35"]
[BlackClock "0:00:19"]
[Board "155"]

1. e4 d6 2. d4 g6 3. Nf3 Bg7 4. Bc4 Nf6 5. Nc3 e6 6. Qe2 O-O 7. e5 dxe5 8. dxe5 Nd5 9. Bg5 Qd7 10. Ne4 Nc6 11. Nf6+ Nxf6 12. exf6 Bh8 13. c3 e5 14. Rd1 Qf5 15. Bd3 Qe6 16. Bc4 Qg4 17. h3 Qf5 18. g4 Nd4 19. gxf5 Nxe2 20. Kxe2 Bxf5 21. Nxe5 Rae8 22. f4 Be6 23. Bxe6 Rxe6 24. Rd7 Rfe8 25. Kf3 h6 26. Bh4 g5 27. Nxf7 Re3+ 28. Kg4 gxh4 29. Nxh6+ Kf8 30. Rf7# 1-0


[Site "https://www.chess.com"]

[Event "Titled Tuesday Blitz July 18 Late 2023"]
[White "Ezat, Mohamed"]
[Black "Broca Jimenez, Fernando"]
[WhiteFideId "10600906"]
[BlackFideId "5104742"]
[WhiteElo "2548"]
[BlackElo "2260"]
[Result "1-0"]
[Round "1"]
[TimeControl "180+2"]
[Date "2023.07.18"]
[WhiteClock "0:00:23"]
[BlackClock "0:00:02"]
[Board "156"]

1. d4 Nf6 2. c4 e6 3. Nc3 Bb4 4. Bg5 c5 5. d5 exd5 6. cxd5 d6 7. e3 Bf5 8. Bd3 Bxd3 9. Qxd3 O-O 10. Ne2 Nbd7 11. O-O Re8 12. Ng3 Bxc3 13. bxc3 h6 14. Bxf6 Qxf6 15. c4 Ne5 16. Qb3 Rab8 17. a4 b6 18. h3 Qg6 19. Rfd1 h5 20. Kh2 h4 21. Ne2 Qf5 22. Kg1 Nd7 23. Nc3 Nf6 24. Nb5 Qd7 25. Qc2 a6 26. Nc3 Qe7 27. Rab1 Qe5 28. Rb3 Rb7 29. Rdb1 b5 30. axb5 axb5 31. Rxb5 Rbe7 32. Rb8 g6 33. Rxe8+ Rxe8 34. Ne2 Kg7 35. Qc3 Qf5 36. Rb6 Kh7 37. Nf4 Ne4 38. Qc2 g5 39. Nd3 Ra8 40. Rb1 Kg7 41. Rf1 Ra3 42. Qb2+ Rc3 43. f3 Kg6 44. fxe4 Qxe4 45. Qxc3 Qxe3+ 46. Kh1 1-0


[Site "https://www.chess.com"]

[Event "Titled Tuesday Blitz July 18 Late 2023"]
[White "Izuzquiza Gonzalez, Javier"]
[Black "Jessel, Stephen"]
[WhiteFideId "3101029"]
[BlackFideId "628859"]
[WhiteElo "2256"]
[BlackElo "2547"]
[Result "0-1"]
[Round "1"]
[TimeControl "180+2"]
[Date "2023.07.18"]
[WhiteClock "0:00:37"]
[BlackClock "0:00:03"]
[Board "157"]

1. d4 e6 2. c4 b6 3. Nf3 Bb7 4. g3 Bb4+ 5. Bd2 Bxf3 6. exf3 Bxd2+ 7. Qxd2 c6 8. Bg2 d5 9. cxd5 cxd5 10. O-O Ne7 11. Nc3 O-O 12. Rac1 Nbc6 13. f4 a6 14. Rfd1 b5 15. f5 Nxf5 16. Nxb5 axb5 17. Rxc6 Rxa2 18. Qb4 Ra4 19. Qc5 Rc4 20. Qb6 Qxb6 21. Rxb6 Nxd4 22. Bf1 Rb4 23. Rc1 Rxb2 24. Rc7 g6 25. Rbb7 b4 26. Kg2 b3 27. Bb5 Nxb5 28. Rxb5 Rc2 29. Rcb7 Rd8 30. Rxb3 d4 31. Ra7 Rc5 32. Rbb7 Rf5 33. f4 d3 34. Kf2 d2 0-1


[Site "https://www.chess.com"]

[Event "Titled Tuesday Blitz July 18 Late 2023"]
[White "Gascon Del Nogal, Jose Rafael"]
[Black "Bartel, Marta"]
[WhiteFideId "3902463"]
[BlackFideId "1123009"]
[WhiteElo "2545"]
[BlackElo "2256"]
[Result "1-0"]
[Round "1"]
[TimeControl "180+2"]
[Date "2023.07.18"]
[WhiteClock "0:00:09"]
[BlackClock "0:00:00"]
[Board "158"]

1. d4 Nf6 2. Nf3 g6 3. Bg5 Bg7 4. Nbd2 d5 5. e3 O-O 6. Be2 Nbd7 7. O-O c5 8. c3 b6 9. b4 cxb4 10. cxb4 a5 11. b5 h6 12. Bh4 Ne4 13. Rc1 Bb7 14. a4 Ndf6 15. Ne5 Qd6 16. Nxe4 Nxe4 17. Nc6 Rfe8 18. f3 Nf6 19. Qb3 Rac8 20. Bg3 Qe6 21. Be5 Bxc6 22. bxc6 Nh5 23. Ba6 Bxe5 24. Bxc8 Bxh2+ 25. Kxh2 Rxc8 26. Qxb6 Qxe3 27. Rce1 Qf4+ 28. Kg1 Ng3 29. Qb7 Qxd4+ 30. Rf2 Rf8 31. Qd7 Nf5 32. c7 Qc5 33. Re2 Qc1+ 34. Rf1 Qc5+ 35. Kh2 e6 36. g4 Nd4 37. Rd2 Qc4 38. Rff2 Nb3 39. Rc2 Qf4+ 40. Kg2 Nd4 41. c8=Q 1-0


[Site "https://www.chess.com"]

[Event "Titled Tuesday Blitz July 18 Late 2023"]
[White "Luxama, Jacques Muller"]
[Black "Mekhane, Adam"]
[WhiteFideId "11900113"]
[BlackFideId "36050601"]
[WhiteElo "2250"]
[BlackElo "2544"]
[Result "0-1"]
[Round "1"]
[TimeControl "180+2"]
[Date "2023.07.18"]
[WhiteClock "0:00:04"]
[BlackClock "0:00:43"]
[Board "159"]

1. e4 c5 2. Nf3 e6 3. d4 cxd4 4. Nxd4 Nc6 5. Nc3 a6 6. Nxc6 bxc6 7. Bd3 Nf6 8. O-O d5 9. e5 Nd7 10. Re1 Qc7 11. Qe2 c5 12. b3 Bb7 13. Na4 c4 14. bxc4 dxc4 15. Be4 Bb4 16. c3 Be7 17. Bxb7 Qxb7 18. Qxc4 O-O 19. Qb3 Qc6 20. Bf4 Rab8 21. Qc2 Rb4 22. Bg3 Rxa4 23. Rad1 Rc8 24. Qd3 Nf8 25. Rc1 Rc4 26. Re3 Rd8 27. Qe2 Bg5 28. f4 Bxf4 29. Bxf4 Rxf4 30. c4 Rfd4 31. Rc2 Qc5 32. h3 Re4 33. Rc3 Rxe3 34. Rxe3 Rd4 35. Kh2 Qxc4 36. Qb2 Rd1 37. Qb8 Qf4+ 38. Rg3 h5 39. h4 Qxh4+ 40. Rh3 Qf4+ 0-1


[Site "https://www.chess.com"]

[Event "Titled Tuesday Blitz July 18 Late 2023"]
[White "Goffredo_Fofi"]
[Black "Cardozo Munar, Carlos Eduardo"]
[BlackFideId "4409477"]
[WhiteElo "2541"]
[BlackElo "2249"]
[Result "1-0"]
[Round "1"]
[TimeControl "180+2"]
[Date "2023.07.18"]
[WhiteClock "0:00:46"]
[BlackClock "0:00:44"]
[Board "160"]

1. d4 d5 2. c3 c6 3. Bf4 e6 4. e3 Bd6 5. Nf3 Bxf4 6. exf4 g6 7. Bd3 Qf6 8. g3 Ne7 9. Nbd2 Bd7 10. h4 h5 11. Qb3 Bc8 12. Ng5 Nf5 13. Ndf3 Nd7 14. O-O Nd6 15. Ne5 Qe7 16. Nexf7 Nxf7 17. Bxg6 Rf8 18. Rae1 Nb6 19. f5 Qf6 20. Nxe6 Kd7 21. Nxf8+ Kc7 22. Ne6+ Kb8 23. Qb4 Bd7 24. Bxf7 1-0


[Site "https://www.chess.com"]

[Event "Titled Tuesday Blitz July 18 Late 2023"]
[White "Thiel, Thomas"]
[Black "MFatigue"]
[WhiteFideId "4615964"]
[WhiteElo "2243"]
[BlackElo "2539"]
[Result "1-0"]
[Round "1"]
[TimeControl "180+2"]
[Date "2023.07.18"]
[WhiteClock "0:01:30"]
[BlackClock "0:01:05"]
[Board "161"]

1. e4 e6 2. d4 d5 3. Nc3 Nf6 4. Bg5 Be7 5. e5 Nfd7 6. h4 h6 7. Bxe7 Qxe7 8. f4 O-O 9. Nf3 c5 10. Ne2 Nc6 11. Qd2 a6 12. c3 b5 13. g4 f6 14. Bh3 b4 15. O-O bxc3 16. bxc3 cxd4 17. cxd4 fxe5 18. fxe5 Nb6 19. Nf4 Nc4 20. Ng6 Qa7 21. Qd3 Rxf3 22. Rxf3 Bd7 23. Raf1 Nxd4 24. Rf8+ Rxf8 25. Rxf8+ Kh7 26. Rh8# 1-0


[Site "https://www.chess.com"]

[Event "Titled Tuesday Blitz July 18 Late 2023"]
[White "Trifan, Andrei Ioan"]
[Black "ChessSG1"]
[WhiteFideId "12967068"]
[WhiteElo "2537"]
[BlackElo "2240"]
[Result "1-0"]
[Round "1"]
[TimeControl "180+2"]
[Date "2023.07.18"]
[WhiteClock "0:00:21"]
[BlackClock "0:00:01"]
[Board "162"]

1. e4 c5 2. Nf3 e6 3. c4 Nc6 4. Nc3 g5 5. h3 Bg7 6. d3 h6 7. Be2 d6 8. Be3 Nd4 9. Qd2 Ne7 10. Bd1 Nec6 11. g4 Nxf3+ 12. Bxf3 Nd4 13. Bd1 Bd7 14. f4 gxf4 15. Bxf4 Qh4+ 16. Qf2 Qxf2+ 17. Kxf2 Be5 18. Ke3 Ke7 19. Rb1 Nc6 20. Bxe5 Nxe5 21. b4 b6 22. b5 Rag8 23. Be2 Be8 24. Rbg1 f6 25. h4 Rg7 26. g5 hxg5 27. hxg5 Rxh1 28. gxf6+ Kxf6 29. Rxh1 Bg6 30. a4 Rh7 31. Rf1+ Ke7 32. a5 Rh3+ 33. Kd2 bxa5 34. Ra1 Bh5 35. Bxh5 Rxh5 36. Rxa5 Rh2+ 37. Ke3 Rh3+ 38. Ke2 Rxd3 39. Rxa7+ Kd8 40. Ra3 Rd4 41. b6 Kc8 42. Nb5 Rxe4+ 43. Kf2 Nxc4 44. Ra7 Nxb6 45. Nxd6+ Kb8 46. Rb7+ Ka8 47. Rxb6 Rd4 48. Nb5 Rb4 49. Ke3 e5 50. Kd3 e4+ 51. Ke3 Ra4 52. Rc6 Ra5 53. Rxc5 Kb7 54. Nd6+ Kb6 55. Rc3 Rc5 56. Rb3+ Kc6 57. Nxe4 Rh5 58. Rc3+ Kb7 59. Kd4 Rh4 60. Kd5 Rh5+ 61. Kc4 Rh4 62. Kd4 Rg4 63. Rc5 Rg1 64. Rf5 Rd1+ 65. Ke5 Ra1 66. Ke6 Ra6+ 67. Nd6+ Kc7 68. Rc5+ Kd8 69. Rc8# 1-0


[Site "https://www.chess.com"]

[Event "Titled Tuesday Blitz July 18 Late 2023"]
[White "De Souza, Cristiano Gomes"]
[Black "Rengifo Blancas, Renzo Jhonathan"]
[WhiteFideId "2151758"]
[BlackFideId "3807185"]
[WhiteElo "2239"]
[BlackElo "2536"]
[Result "0-1"]
[Round "1"]
[TimeControl "180+2"]
[Date "2023.07.18"]
[WhiteClock "0:00:16"]
[BlackClock "0:00:36"]
[Board "163"]

1. d4 d6 2. Nf3 Nf6 3. c4 Nbd7 4. Nc3 e5 5. dxe5 dxe5 6. e4 c6 7. Be2 Bb4 8. Bd2 Bxc3 9. Bxc3 Nxe4 10. Bxe5 Qa5+ 11. Bc3 Nxc3 12. Qd2 O-O 13. Rc1 Nf6 14. Qxc3 Qxc3+ 15. Rxc3 Re8 16. Nd2 Bf5 17. Kd1 Rad8 18. f3 Nh5 19. Re1 Nf4 20. Bf1 Rxe1+ 21. Kxe1 h5 22. g3 Ne6 23. Nb3 Nd4 24. Nxd4 Rxd4 25. Be2 f6 26. b3 Kf7 27. Rc1 Rd8 28. Rd1 Re8 29. Kf2 g5 30. Rd2 a5 31. a3 Re7 32. Bd3 Be6 33. Re2 Rd7 34. Bc2 a4 35. Ke3 b5 36. bxa4 Bxc4 37. Rd2 Ra7 38. axb5 cxb5 39. Kd4 Rxa3 40. Be4 f5 41. Bxf5 Rxf3 42. Be4 Rf1 43. Kc5 Kf6 44. Bd5 Rf5 45. Kd6 Rxd5+ 46. Rxd5 Bxd5 47. Kxd5 Kf5 48. Kc5 Kg4 49. Kxb5 Kh3 50. Kc5 Kxh2 51. Kd4 Kxg3 0-1


[Site "https://www.chess.com"]

[Event "Titled Tuesday Blitz July 18 Late 2023"]
[White "ATM622"]
[Black "Doluhanova, Evgeniya"]
[BlackFideId "14112035"]
[WhiteElo "2535"]
[BlackElo "2237"]
[Result "0-1"]
[Round "1"]
[TimeControl "180+2"]
[Date "2023.07.18"]
[WhiteClock "0:00:01"]
[BlackClock "0:00:21"]
[Board "164"]

1. d4 Nf6 2. c4 e6 3. g3 d5 4. Bg2 Bb4+ 5. Nd2 O-O 6. Qc2 c5 7. Nf3 cxd4 8. Nxd4 Nc6 9. Nxc6 bxc6 10. O-O Ba6 11. Rd1 Bxd2 12. Rxd2 Bxc4 13. b3 Bb5 14. a4 Ba6 15. Qxc6 Qc8 16. Qxc8 Rfxc8 17. Bb2 Rab8 18. Bxf6 gxf6 19. Rb1 Rb4 20. e4 d4 21. Bf1 Bxf1 22. Kxf1 e5 23. Rd3 Rcb8 24. f4 Rxa4 25. fxe5 fxe5 26. Kg2 Ra2+ 27. Kh3 a5 28. Kg4 Rb6 29. h4 a4 30. h5 Ra3 31. Rc1 Raxb3 32. Rd2 Rc3 33. Ra1 a3 34. Kf5 Rb5 35. g4 h6 36. Kf6 Rf3+ 37. Ke7 Kg7 38. Rda2 Ra5 39. Rg1 Rb3 40. g5 Rb6 41. Kd7 Ra7+ 42. Kc8 Re6 43. Kb8 Ra5 44. Rf2 hxg5 45. Rxg5+ Kh6 46. Rg8 Re7 47. Rf6+ Kh7 48. Rg5 a2 49. h6 Rb5+ 50. Kc8 a1=Q 51. Kd8 Qa8+ 52. Kxe7 Qa7+ 53. Kf8 Rb8# 0-1


[Site "https://www.chess.com"]

[Event "Titled Tuesday Blitz July 18 Late 2023"]
[White "Schachpanda_Youtube"]
[Black "Schekachikhin, Maksim"]
[BlackFideId "24177830"]
[WhiteElo "2236"]
[BlackElo "2535"]
[Result "0-1"]
[Round "1"]
[TimeControl "180+2"]
[Date "2023.07.18"]
[WhiteClock "0:00:00"]
[BlackClock "0:00:31"]
[Board "165"]

1. e4 c6 2. d4 d5 3. f3 g6 4. Nc3 Bg7 5. Be3 Nf6 6. e5 Nfd7 7. f4 f6 8. Nf3 O-O 9. Qd2 Nb6 10. O-O-O a5 11. h4 a4 12. h5 a3 13. b3 Bg4 14. hxg6 hxg6 15. Bd3 Kf7 16. Rh4 Bxf3 17. gxf3 Rh8 18. Rdh1 Rxh4 19. Rxh4 e6 20. f5 exf5 21. Rh7 Kg8 22. Qh2 N8d7 23. Ne2 Nf8 24. Rxg7+ Kxg7 25. Qh6+ Kf7 26. Nf4 Qe8 27. e6+ Kg8 28. e7 Qxe7 29. Nxg6 Qg7 30. Qxg7+ Kxg7 31. Ne7 Kf7 32. Nxf5 Ke6 33. Bf4 Ng6 34. Bg3 Ne7 0-1


[Site "https://www.chess.com"]